 Dungeon Crawl Stone Soup version 0.21-a0-170-g0398fc9 (webtiles) character file.

77 stigmas the Insei (level 4, 0/32 HPs)
             Began as a Demonspawn Transmuter on Aug 6, 2017.
             Slain by a hobgoblin
             ... wielding a +0 club
              (1 damage)
             ... on level 2 of the Dungeon.
             The game lasted 00:02:20 (1555 turns).

stigmas the Insei (Demonspawn Transmuter)           Turns: 1555, Time: 00:02:21

Health: 0/32       AC:  4    Str: 10    XL:     4   Next: 14%
Magic:  7/7        EV: 13    Int: 15    God:
Gold:   103        SH:  0    Dex: 14    Spells: 3/7 levels left

rFire    . . .     SeeInvis .     - Unarmed
rCold    . . .     Gourm    .   (no shield)
rNeg     . . .     Faith    .   b - +0 robe
rPois    .         Spirit   .   (helmet restricted)
rElec    .         Reflect  .   (no cloak)
rCorr    .         Harm     .   (no gloves)
MR       .....                  (no boots)
Stlth    +.........             (no amulet)
HPRegen  0.10/turn              l - ring of wizardry
MPRegen  0.10/turn              (no ring)

@: no status effects
A: horns 1, molten scales 1
a: no special abilities


You were on level 2 of the Dungeon.
You were not hungry.

You visited 1 branch of the dungeon, and saw 2 of its levels.

You collected 103 gold pieces.

Inventory:

Missiles
 a - 12 arrows
Armour
 b - a +0 robe (worn)
Jewellery
 l - a ring of wizardry (left hand)
Wands
 n - a wand of flame (24/48)
Scrolls
 e - 2 scrolls of fear {unknown}
 k - a scroll of teleportation {unknown}
 m - 2 scrolls of identify {unknown}
 o - a scroll of fog {unknown}
 r - a scroll of remove curse {unknown}
Potions
 f - a potion of agility {unknown}
 g - a potion of curing {unknown}
 i - 4 potions of heal wounds {unknown}
 j - a potion of degeneration {unknown}
Books
 c - a book of Changes

   Spells                             Type                      Level
   a - Beastly Appendage              Transmutation                1
   b - Sticks to Snakes               Transmutation                2
   c - Spider Form                    Transmutation/Poison         3
   d - Ice Form                       Ice/Transmutation            4
   e - Blade Hands                    Transmutation                5
Comestibles
 d - a bread ration
 h - a royal jelly
 p - 4 fruits
 q - 2 meat rations


   Skills:
 + Level 1.0 Fighting
 + Level 2.3 Dodging
 + Level 4.0 Unarmed Combat
 + Level 2.3 Spellcasting
 + Level 1.9 Transmutations


You had 3 spell levels left.
You knew the following spells:

 Your Spells              Type           Power        Failure   Level  Hunger
a - Beastly Appendage     Tmut           #.....       4%          1    #......
b - Spider Form           Tmut/Pois      #.........   17%         3    ###....


Dungeon Overview and Level Annotations

Branches:
Dungeon (2/15)

Altars:


Innate Abilities, Weirdness & Mutations

You have a pair of small horns on your head.
You are partially covered in molten scales. (AC +2)


Message History

The hobgoblin hits you but does no damage.
The hobgoblin hits you but does no damage.
The hobgoblin hits you with a club. The hobgoblin closely misses you.
The hobgoblin hits you with a club.
* * * LOW HITPOINT WARNING * * *
The hobgoblin closely misses you. The hobgoblin barely misses you.
The hobgoblin closely misses you. The hobgoblin hits you with a club.
* * * LOW HITPOINT WARNING * * *
The hobgoblin barely misses you. The hobgoblin hits you with a club.
* * * LOW HITPOINT WARNING * * *
The hobgoblin completely misses you. The hobgoblin hits you with a club.
* * * LOW HITPOINT WARNING * * *
The hobgoblin barely misses you. The hobgoblin hits you with a club.
You die...

#.....# #.###.##.
#.#..<# #.# #.###
#.#.### #.# #.# # #
#.# #.# #.###
#.###########.# #[...
..............#######
## #.#########)......
#g#########.######
#@#.........#
#.####....########
#...^.$.#.#
...........#
############


You could see a hobgoblin.

Vanquished Creatures
  Terence (D:2)
  An adder (D:2)
  2 worms (D:2)
  A dart slug (D:1)
  4 bats
  5 giant cockroaches
  2 goblins (D:1)
  3 hobgoblins
  A jackal (D:2)
  6 kobolds
  A quokka (D:2)
  3 frilled lizards (D:1)
  3 rats (D:1)
33 creatures vanquished.

Notes
Turn   | Place    | Note
-------+----------+-------------------------------------------
     0 | D:1      | stigmas the Demonspawn Transmuter began the quest for the Orb.
     0 | D:1      | Reached XP level 1. HP: 15/15 MP: 3/3
   346 | D:1      | Gained mutation: You are partially covered in molten scales. (AC +2) [demonic ancestry]
   346 | D:1      | Reached XP level 2. HP: 21/21 MP: 5/5
   376 | D:1      | Reached skill level 3 in Unarmed Combat
  1107 | D:2      | Reached XP level 3. HP: 12/26 MP: 4/6
  1139 | D:2      | Learned a level 3 spell: Spider Form
  1371 | D:2      | Noticed Terence
  1378 | D:2      | Killed Terence
  1392 | D:2      | Gained mutation: You have a pair of small horns on your head. [demonic ancestry]
  1392 | D:2      | Reached XP level 4. HP: 32/32 MP: 1/7
  1401 | D:2      | Reached skill level 4 in Unarmed Combat
  1553 | D:2      | HP: 1/32 [hobgoblin/club (1)]
  1555 | D:2      | Slain by a hobgoblin

Vault maps used:
D:1:      dpeg_arrival_rooms_b
D:2:      nicolae_overflow_hidden_temple, uniq_terence

Skill      XL: |  1  2  3  4 |
---------------+-------------+-----
Unarmed Combat | 3 4 |  4.0
Dodging        | 2 |  2.3
Fighting       | |  1.0
Spellcasting   | |  2.3
Transmutations | |  1.9

Action                   |  1- 3 |  4- 6 || total
-------------------------+-------+-------++-------
Melee: Unarmed           |   106 |     5 ||   111
       Kick              |     6 |       ||     6
       Punch             |     1 |       ||     1
       Headbutt          |       |     1 ||     1
 Cast: Beastly Appendage |     2 |       ||     2
       Spider Form       |     3 |       ||     3
 Stab: Sleeping          |     1 |       ||     1
  Eat: Chunk             |     1 |     1 ||     2
Armor: Robe              |    28 |    12 ||    40
       Skin              |     3 |       ||     3
Dodge: Dodged            |    79 |    50 ||   129
